 Dungeon Crawl Stone Soup version 0.31.0-1-g2c135a008e (webtiles) character file.

Game seed: 15438816853071229008

403 qw the Ducker (level 7, -12/50 HPs)
             Began as a Djinni Hunter on Jan 23, 2024.
             Mangled by an ogre
             ... wielding a +0 giant club
              (35 damage)
             ... on level 4 of the Dungeon.
             The game lasted 00:00:11 (2239 turns).

qw the Ducker (Djinni Hunter)                       Turns: 2239, Time: 00:00:12

Health: -12/50     AC:  5    Str: 16    XL:     7   Next: 11%
Gold:   171        EV: 15    Int: 10    God:
                   SH:  0    Dex: 27

rFire   + + .        a - +0 shortbow
rCold   x . .        (shield currently unavailable)
rNeg    . . .        k - +0 ring mail
rPois   inf          (helmet restricted)
rElec   .            (no cloak)
rCorr   .            (no gloves)
SInv    .            (boots unavailable)
Will    .....        g - amulet of faith
Stlth   +++          d - +6 ring of dexterity
HPRegen 0.28/turn    f - +6 ring of strength
MPRegen 0.00/turn

%: faith, infuse magic (-13 HP)
@: flying
A: sickness immunity, fire resistance 2, cold vulnerability 1, float, innate
caster, HP casting, extra vitality 1, horns 1, thin skeletal structure 1
a: no special abilities


You were on level 4 of the Dungeon.
You visited 1 branch of the dungeon, and saw 4 of its levels.

You collected 171 gold pieces.


Innate Abilities, Weirdness & Mutations

You are immune to sickness and miasma.
You are immune to poison.
Your flesh is very heat resistant. (rF++)
You are vulnerable to cold. (rC-)
You float through the air rather than walking.
You learn spells naturally, not from books.
Your magical power is your life essence.
You have superior vitality. (+4 MHP)
You have a pair of small horns on your head.
You have a somewhat thin skeletal structure. (Dex +2, Stealth+)


   Skills:
 - Level 3.0 Fighting
 + Level 4.5 Ranged Weapons
 - Level 1.1 Armour
 - Level 5.9 Dodging
 - Level 0.7 Stealth


You knew the following spells:

 Your Spells              Type           Power      Damage    Failure   Level
a - Sandblast             Erth           0%         2d4       58%         1
b - Momentum Strike       Conj/Tloc      0%         3d8       73%         2
c - Call Canine Familiar  Summ           0%         N/A       91%         3
Your spell library was empty.

Inventory:

Hand Weapons
 a - a +0 shortbow (weapon)
Armour
 k - a +0 ring mail (worn)
Jewellery
 d - a +6 ring of dexterity (left hand)
 f - a +6 ring of strength (right hand)
 g - an amulet of faith (around neck)
Scrolls
 j - a scroll of poison {unknown}
Potions
 b - a potion of might {unknown}
 c - a potion of curing {unknown}
 e - a potion of resistance
 h - a potion of haste {unknown}
 i - a potion of heal wounds

Dungeon Overview and Level Annotations

Branches:
Dungeon (4/15)
 Temple: D:4-7

Altars:

Shops:
D:4 [


Message History

You shoot an arrow. The arrow hits the howler monkey.
The howler monkey is moderately wounded.
You shoot an arrow. The arrow hits the howler monkey!
The howler monkey is almost dead.
You shoot an arrow.
The arrow completely misses the howler monkey.
The howler monkey hoots and howls with incredible vigour!
You hear a shout!
You shoot an arrow.
The arrow closely misses the howler monkey.
You shoot an arrow.
The arrow hits the howler monkey but does no damage.
The howler monkey is almost dead.
The howler monkey hits you but does no damage.
You shoot an arrow.
The arrow barely misses the howler monkey.
The howler monkey completely misses you.
The howler monkey closely misses you.
You shoot an arrow.
The arrow barely misses the howler monkey.
The howler monkey hits you.
You shoot an arrow. The arrow hits the howler monkey!
You kill the howler monkey!
You start resting.
An ogre comes into view. It is wielding a +0 giant club.
You shoot an arrow. The arrow barely misses the ogre.
The ogre shouts!
You shoot an arrow. The arrow barely misses the ogre.
You shoot an arrow. The arrow completely misses the ogre.
You shoot an arrow.
The arrow hits the ogre but does no damage.
You shoot an arrow. The arrow hits the ogre.
The ogre is lightly wounded.
You shoot an arrow. The arrow barely misses the ogre.
The ogre hits you with a +0 giant club!!
Ouch! That really hurt!
You shoot an arrow. The arrow barely misses the ogre.
The ogre hits you with a +0 giant club!!
Ouch! That really hurt!
You die...

.[.............
...................
#.......!.....%........
#............%.<.......
#......................
#......................
####......................
................@)........
#..........<..O.........
#.........%............
.###.........%............
..........................
...#........).............
...#......................
.........[................
..........................


You could see an ogre.

Vanquished Creatures
  Grinder (D:3)
  A howler monkey (D:4)
  An iguana (D:3)
  4 adders
  3 gnolls (D:2)
  A dart slug (D:2)
  An orc (D:3)
  5 bats
  9 endoplasms
  6 giant cockroaches
  12 goblins
  7 hobgoblins
  4 jackals (D:1)
  5 quokkas
  7 ball pythons
  3 frilled lizards
  4 kobolds
  5 rats
79 creatures vanquished.

Notes
Turn   | Place    | Note
-------+----------+-------------------------------------------
     0 | D:1      | qw the Djinni Hunter began the quest for the Orb.
     0 | D:1      | Reached XP level 1. HP: 18/18 MP: 0/0
     0 | D:1      | 0 ||| qw: Version: 0.3-a-135-gb77e89d
     0 | D:1      | 0 ||| qw: Game counter: 830
     0 | D:1      | 0 ||| qw: Melee chars always use a shield: true
     0 | D:1      | 0 ||| qw: God list: Okawaru
     0 | D:1      | 0 ||| qw: Allow faded altars: false
     0 | D:1      | 0 ||| qw: Do Orc after clearing Dungeon:15 true
     0 | D:1      | 0 ||| qw: Do second Lair branch before Depths: true
     0 | D:1      | 0 ||| qw: Lair rune preference: random
     0 | D:1      | 0 ||| qw: Goals: Normal
     0 | D:1      | 0 ||| PLANNING D:1-11
    86 | D:1      | Reached XP level 2. HP: 23/23 MP: 0/0
   204 | D:1      | Reached XP level 3. HP: 28/28 MP: 0/0
   204 | D:1      | Learned a level 1 spell: Sandblast
   507 | D:1      | 507 ||| UPGRADING to +0 ring mail.
   517 | D:1      | 517 ||| DROPPING +0 leather armour.
   518 | D:1      | 518 ||| UPGRADING to +6 ring of dexterity.
   519 | D:1      | 519 ||| READING scroll labelled ZOPNUR NEBBO.
   520 | D:1      | 520 ||| READING 3 scrolls labelled KUFEUM XUAB.
   520 | D:1      | 520 ||| IDENTIFYING fuming amethyst potion
   521 | D:1      | 521 ||| DRINKING potion of mutation.
   521 | D:1      | Gained mutation: You have a pair of small horns on your
                  | head. [potion of mutation]
   521 | D:1      | Gained mutation: You have a somewhat thin skeletal
                  | structure. (Dex +2, Stealth+) [potion of mutation]
   522 | D:1      | 522 ||| READING 2 scrolls of identify.
   522 | D:1      | 522 ||| IDENTIFYING bubbling brown potion
   523 | D:1      | 523 ||| READING scroll of identify.
   523 | D:1      | 523 ||| IDENTIFYING scroll labelled JYRAUS QAL
   524 | D:1      | 524 ||| READING scroll labelled IPIAKY YTA WAUMM.
   525 | D:1      | 525 ||| DROPPING scroll of butterflies.
   526 | D:1      | 526 ||| DROPPING scroll of immolation.
   656 | D:2      | Reached skill level 1 in Armour
   658 | D:2      | Reached XP level 4. HP: 28/34 MP: 0/0
   692 | D:2      | Reached skill level 3 in Dodging
   759 | D:2      | 759 ||| FLEEEEING.
   796 | D:2      | Found a faded altar of an unknown god.
   961 | D:2      | 961 ||| FLEEEEING.
   965 | D:2      | 965 ||| FLEEEEING.
  1153 | D:2      | Reached skill level 3 in Fighting
  1201 | D:2      | 1201 ||| UPGRADING to +6 ring of strength.
  1202 | D:2      | 1202 ||| READING scroll of identify.
  1202 | D:2      | 1202 ||| IDENTIFYING fizzy sapphire potion
  1203 | D:2      | 1203 ||| READING scroll labelled SUWAES ULIOF.
  1236 | D:3      | Reached XP level 5. HP: 40/40 MP: 0/0
  1236 | D:3      | Learned a level 2 spell: Momentum Strike
  1738 | D:3      | Noticed Grinder
  1744 | D:3      | Paralysed by Grinder for 3 turns
  1750 | D:3      | Paralysed by Grinder for 5 turns
  1756 | D:3      | Killed Grinder
  1757 | D:3      | Reached skill level 5 in Dodging
  1757 | D:3      | Reached XP level 6. HP: 36/46 MP: 0/0
  1901 | D:3      | 1901 ||| UPGRADING to amulet of faith.
  1906 | D:3      | 1906 ||| READING 2 scrolls labelled LIRGHIO SABENIA.
  1907 | D:3      | 1907 ||| DRINKING 2 murky orange potions.
  2012 | D:3      | 2012 ||| DROPPING scroll of blinking.
  2013 | D:3      | 2013 ||| DROPPING potion of berserk rage.
  2050 | D:4      | 2050 ||| STAIRDANCE
  2055 | D:4      | 2055 ||| STAIRDANCE
  2057 | D:4      | 2057 ||| STAIRDANCE
  2063 | D:4      | 2063 ||| STAIRDANCE
  2187 | D:4      | Found Disirowo's Antique Armour Shop.
  2220 | D:4      | Reached XP level 7. HP: 50/50 MP: 0/0
  2220 | D:4      | Learned a level 3 spell: Call Canine Familiar
  2239 | D:4      | Mangled by an ogre

Levels and vault maps discovered:
D:1:      spicycebolla_arrival_xxxplode, layout_basic
D:2:      layout_basic, ebering_ecumenical_altar_ruins, st_stairs_7,
          minivault_14, hex_large, kennysheep_flooded_box
D:3:      layout_loops_ring, grunt_ministairs_3, uniq_grinder
D:4:      layout_basic, serial_aquarium, aquarium_bridge_island_small
          [aquarium_subvault_small_water, aquarium_subvault_bridge,
          aquarium_subvault_bridge, aquarium_subvault_bridge,
          aquarium_subvault_wall], aquarium_window_corner, aquarium_window_fake,
          aquarium_view_2a, serial_shops, shop, kennysheep_generic_room_12

Skill      XL: |  1  2  3  4  5 |
---------------+----------------+-----
Ranged Weapons | 4 |  4.5
Armour         | 1 |  1.1
Dodging        | 3 5 |  5.9
Fighting       | 3 |  3.0
Stealth        | |  0.7

Action                     |  1- 3 |  4- 6 |  7- 9 || total
---------------------------+-------+-------+-------++-------
   Fire: Shortbow          |    62 |   138 |    18 ||   218
    Use: Scroll            |     5 |     3 |       ||     8
         Potion            |     1 |     1 |       ||     2
 Armour: Leather armour    |     9 |       |       ||     9
         Ring mail         |     2 |    36 |     4 ||    42
  Dodge: Dodged            |    25 |    38 |     2 ||    65

Table legend:
 A = Non-vault XP
 B = Vault XP
 C = Vault XP percentage of total XP
 D = Non-vault monster count
 E = Vault monster count
 F = Vault count percentage of total count
                 A         B        C        D         E       F
            +---------+---------+-------+---------+---------+-------
      Total |     297 |     279 |  48.4 |      75 |       4 |   5.1
            +---------+---------+-------+---------+---------+-------
        D:1 |      43 |       0 |   0.0 |      23 |       0 |   0.0
        D:2 |      93 |       2 |   2.1 |      25 |       1 |   3.8
        D:3 |      92 |     277 |  75.1 |      18 |       3 |  14.3
        D:4 |      69 |       0 |   0.0 |       9 |       0 |   0.0
            +---------+---------+-------+---------+---------+-------
